 Dungeon Sprint DCSS version 0.29-a0-517-gbdf32494f2 (webtiles) character file.

Game seed: 2869705403537184828

3300 mhtbhm the Grappler (level 9, -7/100 HPs)
             Began as a Troll Transmuter on May 30, 2022.
             Was an Initiate of Gozag.
             Mangled by a skeletal warrior
             ... wielding a +0 war axe
              (24 damage)
             ... in the Dungeon (Sprint VII: "The Pits").
             The game lasted 00:02:52 (758 turns).

mhtbhm the Grappler (Troll Transmuter)               Turns: 758, Time: 00:02:54

Health: -7/100     AC:  6    Str: 22    XL:     9   Next: 70%
Magic:  14/18      EV: 15    Int: 11    God:    Gozag
Gold:   2160       SH:  0    Dex: 13    Spells: 11/21 levels left

rFire   x . .      SeeInvis .     - Unarmed
rCold   + + +      Faith    .   (shield currently unavailable)
rNeg    . . .      Spirit   .   (body armour currently unavailable)
rPois   +          Reflect  .   (helmet currently unavailable)
rElec   .          Harm     .   (cloak currently unavailable)
rCorr   .          Rampage  .   (gloves unavailable)
Will    .....      NoTele   +   (boots unavailable)
Stlth   ++........              (no amulet)
HPRegen 1.06/turn               e - +3 ring of dexterity
MPRegen 0.16/turn               n - +3 ring of evasion

@: ice-form, wereblooded, gold aura
A: freezing attack, amphibious, boosted hp, large, unfitting armour, (claws 3),
regeneration 1, (shaggy fur 1), (tough skin 1)
a: End Transformation, Renounce Religion, Potion Petition, Call Merchant, Bribe
Branch


You were in the Dungeon.
You worshipped Gozag.
Gozag was most pleased with you.
You were a creature of crystalline ice.
You visited 1 branch You collected 2160 gold pieces.

Inventory:

Armour
 a - a +0 robe (melded)
 p - a +0 cloak (melded)
Jewellery
 e - a +3 ring of dexterity (left front paw)
 n - a +3 ring of evasion (right front paw)
Scrolls
 h - a scroll of blinking
 j - 5 scrolls of amnesia
 k - a scroll of summoning
Potions
 b - a potion of lignification
 c - 6 potions of curing
 d - 3 potions of heal wounds
 f - 4 potions of magic
 g - 6 potions of berserk rage
 i - 2 potions of invisibility
 l - 2 potions of might
 m - a potion of haste
 o - 3 potions of mutation


   Skills:
 + Level 4.0 Fighting
 + Level 7.1 Dodging
 + Level 1.1 Stealth
 + Level 14.4 Unarmed Combat
 + Level 6.9 Spellcasting
 + Level 7.6 Transmutations
 + Level 3.0 Ice Magic


You had 11 spell levels left.
You knew the following spells:

 Your Spells              Type           Power      Damage    Failure   Level
a - Beastly Appendage     Tmut           40%        N/A       1%          1
b - Wereblood             Tmut           20%        N/A       1%          2
c - Spider Form           Tmut/Pois      12%        N/A       11%         3
d - Ice Form              Ice/Tmut       15%        N/A       21%         4

Your spell library contained the following spells:

 Spells                   Type           Power      Damage    Failure   Level


Dungeon Overview and Level Annotations

Branches:
Dungeon (1/1)

Altars:
Ashenzari
Cheibriados
Dithmenos
Elyvilon
Fedhas
Gozag
Hepliaklqana
Kikubaaqudgha
Makhleb
Nemelex Xobeh
Okawaru
Qazlal
Ru
Sif Muna
Trog
Uskayaw
Vehumet
Wu Jian
Xom
Yredelemnul
Zin
The Shining One
Beogh
Jiyva
Lugonu


Innate Abilities, Weirdness & Mutations

You are a creature of crystalline ice.
You have a powerful freezing melee attack.
You are amphibious.
Your maximum health is increased.
Your armour is entirely melded.
You are incapable of wielding weapons or throwing items.
You are too large for most types of armour.
((You have claws for hands.))
Your natural rate of healing is unusually fast.
((You are covered in fur. (AC +1)))
((You have tough skin. (AC +1)))


Message History

The skeletal warrior is moderately damaged.
The skeletal warrior barely misses you.
A skeletal warrior opens the door.
The skeletal warrior hits you with a +0 halberd.
The killer bee buzzes angrily.
You punch the skeletal warrior! You freeze the skeletal warrior.
The skeletal warrior is heavily damaged.
The skeletal warrior hits you from afar with a +0 trident!
* * * LOW HITPOINT WARNING * * *
The skeletal warrior misses you.
Unknown command.
You feel much better. The skeletal warrior misses you.
The skeletal warrior hits you with a +0 halberd!
Unknown command.
You pummel the skeletal warrior!! You freeze the skeletal warrior.
The skeletal warrior is almost destroyed.
The skeletal warrior hits you with a +0 halberd.
The skeletal warrior hits you from afar with a +0 trident!!
* * * LOW HITPOINT WARNING * * *
You hit the skeletal warrior but do no damage.
The skeletal warrior is almost destroyed.
Unknown command.
You feel much better.
The skeletal warrior hits you from afar with a +0 trident!!
The skeletal warrior barely misses you.
You hit the skeletal warrior.
You feel a bit better.
You destroy the skeletal warrior!
You howl as the wereblood boils in your veins!
The skeletal warrior hits you from afar with a +0 trident.
Your Fighting skill increases to level 4!
Your Dodging skill increases to level 7!
Your Stealth skill increases to level 1!
Your Ice Magic skill increases to level 3!
Unknown command.
You pummel the skeletal warrior!! You freeze the skeletal warrior.
The skeletal warrior is moderately damaged.
The skeletal warrior hits you from afar with a +0 trident!
* * * LOW HITPOINT WARNING * * *
The skeletal warrior hits you with a +0 war axe!!
You die...
Your body crumbles into a pile of gold.

.)'................+
###......#..#......#
.##................#
'#####'#####''######
.##.......##''# ###
.##.......##..## .y#
###.......##...## ..#
.##...<...###..)##y##..##
.##.......# ##.)Yzz.....#
.##.......###..###'###...
###.......##..##.....##
.###########..'.......+
############..##.....##
#....#..[[###.. ##+###
#....#...[# ##..
')...'..))# ..#
#....#..))# .##


You could see 2 skeletal warriors and a killer bee.

Vanquished Creatures
  2 skeletal warriors (D)
  A manticore (D)
  A rime drake (D)
  A polar bear (D)
  A jumping spider (D)
  A spriggan (D)
  A redback (D)
  2 wargs (D)
  A floating eye (D)
  A black bear (D)
  A phantom (D)
  A kobold brigand (D)
  A bullfrog (D)
  A necrophage (D)
  A gnoll sergeant (D)
  3 wights (D)
  Jessica (D)
  3 gnolls (D)
  An ufetubus (D)
  An orc (D)
  2 bats (D)
  A goblin (D)
  A hobgoblin (D)
  2 kobolds (D)
  A frilled lizard (D)
  A quokka skeleton (D)
34 creatures vanquished.

Notes
Turn   | Place    | Note
-------+----------+-------------------------------------------
     0 | D        | mhtbhm the Troll Transmuter began the quest for the Orb.
     0 | D        | Reached XP level 1. HP: 18/18 MP: 1/1
    22 | D        | Found a bloodstained altar of Trog.
    22 | D        | Found a shimmering blue altar of Sif Muna.
    22 | D        | Found a viscous altar of Jiyva.
    22 | D        | Found a hazy altar of Hepliaklqana.
    22 | D        | Found an opulent altar of Gozag.
    23 | D        | Found a glowing golden altar of the Shining One.
    23 | D        | Found a glowing silver altar of Zin.
    23 | D        | Found a basalt altar of Yredelemnul.
    23 | D        | Found a shimmering altar of Xom.
    23 | D        | Found an ornate altar of the Wu Jian Council.
    23 | D        | Found a sacrificial altar of Ru.
    23 | D        | Found a stormy altar of Qazlal.
    23 | D        | Found an iron altar of Okawaru.
    23 | D        | Found a sparkling altar of Nemelex Xobeh.
    23 | D        | Found a burning altar of Makhleb.
    23 | D        | Found a blossoming altar of Fedhas.
    23 | D        | Found a white marble altar of Elyvilon.
    23 | D        | Found a shadowy altar of Dithmenos.
    23 | D        | Found a snail-covered altar of Cheibriados.
    25 | D        | Found a radiant altar of Vehumet.
    25 | D        | Found a corrupted altar of Lugonu.
    26 | D        | Found a hide-covered altar of Uskayaw.
    26 | D        | Found an ancient bone altar of Kikubaaqudgha.
    26 | D        | Found a broken altar of Ashenzari.
    30 | D        | Became a worshipper of Gozag Ym Sagoz the Greedy
   129 | D        | Noticed a floating eye
   132 | D        | Killed a floating eye
   133 | D        | Reached skill level 1 in Fighting
   133 | D        | Reached skill level 7 in Unarmed Combat
   133 | D        | Reached XP level 2. HP: 27/27 MP: 1/4
   133 | D        | Reached XP level 3. HP: 33/33 MP: 1/6
   133 | D        | Reached XP level 4. HP: 41/41 MP: 1/7
   142 | D        | Learned a level 2 spell: Wereblood
   146 | D        | Learned a level 3 spell: Spider Form
   274 | D        | Noticed a warg
   276 | D        | Noticed a bullfrog
   279 | D        | Noticed Jessica
   296 | D        | Killed a warg
   297 | D        | Reached skill level 8 in Unarmed Combat
   297 | D        | Reached XP level 5. HP: 30/48 MP: 5/9
   301 | D        | Reached skill level 9 in Unarmed Combat
   301 | D        | Reached XP level 6. HP: 48/57 MP: 5/10
   311 | D        | Reached skill level 5 in Dodging
   311 | D        | Reached skill level 10 in Unarmed Combat
   317 | D        | Killed Jessica
   355 | D        | Learned a level 4 spell: Ice Form
   472 | D        | Reached skill level 5 in Transmutations
   472 | D        | Reached XP level 7. HP: 66/66 MP: 6/12
   475 | D        | Noticed a rime drake
   479 | D        | Killed a rime drake
   480 | D        | Reached skill level 11 in Unarmed Combat
   480 | D        | Reached skill level 5 in Spellcasting
   534 | D        | Noticed a spriggan
   534 | D        | Noticed a polar bear
   536 | D        | Killed a spriggan
   537 | D        | Reached XP level 8. HP: 75/75 MP: 9/15
   541 | D        | Killed a polar bear
   542 | D        | Reached skill level 12 in Unarmed Combat
   542 | D        | Reached skill level 1 in Ice Magic
   658 | D        | Noticed a skeletal warrior
   673 | D        | Killed a skeletal warrior
   674 | D        | Reached skill level 13 in Unarmed Combat
   674 | D        | Reached XP level 9. HP: 83/83 MP: 11/17
   678 | D        | Noticed a manticore
   686 | D        | Killed a manticore
   687 | D        | Reached skill level 14 in Unarmed Combat
   741 | D        | Noticed a skeletal warrior
   741 | D        | Noticed a skeletal warrior
   742 | D        | Noticed a skeletal warrior
   757 | D        | Killed a skeletal warrior
   758 | D        | Reached skill level 1 in Stealth
   758 | D        | Mangled by a skeletal warrior

Illustrated notes

Levels and vault maps discovered:
D:        pitsprint [storerooms_1, entrance_room_1, metal_vault_5, armoury_2,
          mini_pit_1, grid_room_1, main_hall_1, silver_pit, the_coven_2,
          the_vestibule_1, steel_vault_3, golden_pit, hallway_of_sentries,
          crystal_vault_1, iron_vault_1, final_vault]

Skill      XL: |  1  2  3  4  5  6  7  8  9 |
---------------+----------------------------+-----
Fighting       | 1 2 3 4 |  4.0
Dodging        | 3 4 5 6 7 |  7.1
Unarmed Combat | 7 8 9 10 11 13 14 | 14.4
Spellcasting   | 2 3 4 5 6 |  6.9
Transmutations | 2 3 4 5 6 7 |  7.6
Ice Magic      | 2 3 |  3.0
Stealth        | 1 |  1.1

Action                   |  1- 3 |  4- 6 |  7- 9 || total
-------------------------+-------+-------+-------++-------
Melee: Unarmed           |    13 |    35 |    46 ||    94
       Kick              |     4 |    10 |       ||    14
       Headbutt          |       |     4 |       ||     4
       Punch             |       |     1 |       ||     1
 Cast: Beastly Appendage |     3 |     3 |       ||     6
       Wereblood         |       |     5 |     3 ||     8
       Spider Form       |       |     1 |       ||     1
       Ice Form          |       |       |     3 ||     3
  Use: Potion            |       |     4 |     2 ||     6
Armor: Robe              |     2 |     3 |       ||     5
       Skin              |       |       |     6 ||     6
Dodge: Dodged            |     5 |    15 |    29 ||    49

Table legend: (Time is in decaauts)
 A = Elapsed time spent in this place.
 B = Non-inter-level travel time spent in this place.
 C = Inter-level travel time spent in this place.
 D = Time resting spent in this place.
 E = Time spent auto-exploring this place.
 F = Levels seen in this place.
 G = Mean time per level.
                   A        B        C        D        E       F      G
               +--------+--------+--------+--------+--------+-----+--------+
         Total |    720 |    699 |     21 |    254 |     55 |   1 |  720.0 |
       Dungeon |    720 |    699 |     21 |    254 |     55 |   1 |  720.0 |
               +--------+--------+--------+--------+--------+-----+--------+

Top non-repeatable levels by time:
       D: 720 daAuts
